 Dungeon Crawl Stone Soup version 0.32-a0-656-g3542139ebd (webtiles) character file.

Game seed: 4508214512852497297

1595 nuthulu the Fighter (level 8, 0/84 HPs)
             Began as a Gargoyle Fighter on Mar 8, 2024.
             Was a Follower of Okawaru.
             Slain by a vampire (10 damage)
             ... on level 7 of the Dungeon.
             The game lasted 00:07:44 (4258 turns).

nuthulu the Fighter (Gargoyle Fighter)              Turns: 4258, Time: 00:07:44

Health: 0/84       AC: 25    Str: 22    XL:     8   Next: 93%
Magic:  9/9        EV:  6    Int:  9    God:    Okawaru [*.....]
Gold:   279        SH:  4    Dex:  9    Spells: 9/9 levels left

rFire   . . .        a - +1 war axe
rCold   + . .        c - +0 buckler
rNeg    + . .        e - +0 plate armour
rPois   ∞            l - +0 helmet
rElec   +            r - +0 cloak
rCorr   .            b - +1 pair of gloves
SInv    .            (no boots)
Will    .....        h - amulet of the acrobat Stlth
                     g - ring of protection from cold
HPRegen 0.34/turn    m - +4 ring of protection
MPRegen 0.11/turn

%: acrobat
@: berserking (expiring), hasted, very quick
A: sickness immunity, AC +5, negative energy resistance 1, electricity
resistance, torment resistance 1, petrification resistance
a: Renounce Religion, Heroism


You were on level 7 of the Dungeon.
You worshipped Okawaru.
Okawaru was aware of your devotion.
You visited 2 branches of the dungeon, and saw 8 of its levels.

You collected 279 gold pieces.

Inventory:

Hand Weapons
 a - a +1 war axe (weapon)
 n - a +1 flail of holy wrath
Armour
 b - a +1 pair of gloves (worn)
 c - a +0 buckler (worn)
 e - a +0 plate armour (worn)
 l - a +0 helmet (worn)
 r - a +0 cloak (worn)
Jewellery
 g - a ring of protection from cold (left hand)
 h - an amulet of the acrobat (around neck)
 m - a +4 ring of protection (right hand)
Scrolls
 i - 2 scrolls of immolation
Potions
 f - a potion of haste
 k - a potion of cancellation
 o - a potion of attraction {unknown}
 p - a potion of heal wounds {unknown}
 q - a potion of ambrosia {unknown}


   Skills:
 + Level 9.0 Fighting
 + Level 7.2 Axes
 - Level 3.2 Armour
 - Level 3.2 Shields
 - Level 1.1 Spellcasting


You had 9 spell levels left.
You didn't know any spells.
Your spell library contained the following spells:

 Spells                   Type           Power      Damage    Failure   Level
 Call Imp                 Summ           Unusable   N/A       N/A         2
 Sublimation of Blood     Necr           Unusable   N/A       N/A         2
 Summon Hydra             Summ           Unusable   N/A       N/A         7

Dungeon Overview and Level Annotations

Branches:
Dungeon (7/15)             Temple (1/1) D:4

Altars:
Ashenzari
Cheibriados
Dithmenos
Elyvilon
Fedhas
Gozag
Hepliaklqana
Kikubaaqudgha
Makhleb
Okawaru
Qazlal
Sif Muna
Uskayaw
Wu Jian
Xom
Yredelemnul
Zin
The Shining One

Shops:
D:2 :


Innate Abilities, Weirdness & Mutations

You are immune to sickness and miasma.
Your stone body is resilient. (AC +5)
You are immune to poison.
You resist negative energy. (rN+)
You are resistant to electric shocks. (rElec)
You are resistant to unholy torment.
You are immune to petrification.


Message History

The boomerang hits you but does no damage.
You slash something! Something hits you.
* * * LOW HITPOINT WARNING * * *
Something bites you but does no damage. Something hits you but does no damage.
Something bites you but does no damage.
Unknown command.
You feel better. Something hits you. Something bites you.
* * * LOW HITPOINT WARNING * * *
You completely miss something.
You hear the faint creaking of a portcullis nearby.
The goblin throws a boomerang.
The boomerang hits you but does no damage.
Something hits you!
* * * LOW HITPOINT WARNING * * *
Something bites you but does no damage.
You feel yourself speed up. Something hits you but does no damage.
Something bites you but does no damage.
You slash something! Something completely misses you. Something bites you.
* * * LOW HITPOINT WARNING * * *
A red film seems to cover your vision as you go berserk!
You feel yourself moving faster!
You feel mighty!
The goblin throws a boomerang.
The boomerang hits you but does no damage.
You hit something. Something completely misses you. Something bites you.
* * * LOW HITPOINT WARNING * * *
You barely miss something. You barely miss the goblin.
Something hits you but does no damage. Something bites you but does no damage.
The goblin closely misses you.
You hit something. You slash the goblin!
You kill the goblin!
Okawaru accepts your kill. Something hits you but does no damage.
Something bites you but does no damage. Something closely misses you.
Something completely misses you.
You see here 4 boomerangs.
You hit something. You closely miss something. You block something's attack.
Something bites you but does no damage.
You closely miss something. Something hits you but does no damage.
Something bites you!
You die...

#.##. #....
#... . #..# #.
#.. .. . #(#
.#..V
####.###......
#..@{.........
#.#.##.....V..
#.#.##..$.####
#.#.##..h.#
#.#.##...#..
#.#.##......©
....####.....#
##### ..####


There were no monsters in sight!

Vanquished Creatures
  Sigmund (D:2)
  Eustachio (D:4)
  2 ice beasts
  A black bear (D:7)
  2 ogres
  2 bullfrogs
  2 scorpions (D:5)
  4 jellies
  2 orc priests (D:4)
  5 hounds
  2 iguanas (D:6)
  5 adders
  5 gnolls
  A shadow imp (D:6)
  4 dart slugs
  A ribbon worm (D:3)
  12 orcs
  5 bats
  9 endoplasms
  A giant cockroach (D:2)
  9 goblins
  7 hobgoblins
  4 jackals (D:1)
  8 quokkas
  8 ball pythons
  3 frilled lizards
  3 kobolds
  7 rats
116 creatures vanquished.

Notes
Turn   | Place    | Note
-------+----------+-------------------------------------------
     0 | D:1      | nuthulu the Gargoyle Fighter began the quest for the Orb.
     0 | D:1      | Reached XP level 1. HP: 14/14 MP: 1/1
    86 | D:1      | Reached XP level 2. HP: 19/19 MP: 1/3
   195 | D:1      | Reached skill level 1 in Spellcasting
   340 | D:1      | Reached XP level 3. HP: 24/24 MP: 4/4
   650 | D:2      | Noticed Sigmund
   656 | D:2      | Killed Sigmund
   657 | D:2      | Reached skill level 5 in Fighting
   657 | D:2      | Reached XP level 4. HP: 31/31 MP: 5/5
   657 | D:2      | Reached XP level 5. HP: 35/35 MP: 6/6
   977 | D:2      | Found Satwig's Book Shop.
  1044 | D:2      | Reached XP level 6. HP: 40/40 MP: 7/7
  1826 | D:4      | Noticed Eustachio
  1838 | D:4      | Reached skill level 6 in Fighting
  1927 | D:4      | Killed Eustachio
  1928 | D:4      | Reached XP level 7. HP: 7/47 MP: 8/8
  2101 | D:4      | Found a broken altar of Ashenzari.
  2236 | D:4      | Reached skill level 5 in Axes
  2643 | D:4      | Found a blossoming altar of Fedhas.
  2647 | D:4      | Found a staircase to the Ecumenical Temple.
  2733 | Temple   | Entered the Ecumenical Temple
  2762 | Temple   | Became a worshipper of Warmaster Okawaru
  2793 | D:4      | Found a shadowy altar of Dithmenos.
  2964 | D:5      | Entered Level 5 of the Dungeon
  2986 | D:5      | Reached skill level 7 in Fighting
  3199 | D:5      | Reached XP level 8. HP: 53/53 MP: 9/9
  3421 | D:5      | Found a snail-covered altar of Cheibriados.
  3632 | D:6      | Reached * piety under Okawaru
  3642 | D:6      | Reached skill level 8 in Fighting
  4220 | D:7      | Noticed a vampire
  4239 | D:7      | Reached skill level 9 in Fighting
  4258 | D:7      | Slain by a vampire

Illustrated notes

Levels and vault maps discovered:
D:1:      sevenhm_arrival_forest_fort_small_4, layout_basic, nrook_uturn
D:2:      layout_rooms, serial_shops, nicolae_shop_getting_attention,
          uniq_sigmund
D:3:      lemuel_castle_with_subvaults [lemuel_castle_interior_carwin_1],
          layout_basic
D:4:      layout_rooms, mainiacjoe_overflow_swirl, nicolae_ashenzari_skybound,
          minmay_temple_entry_proselytizer, serial_bayou, serial_bayou_crossing,
          serial_bayou_ford_a, serial_bayou_lake_a, serial_bayou_shore_a,
          uniq_eustachio
D:5:      layout_cave_pools, mainiacjoe_overflow_tiny_flanked
D:6:      layout_gridville, minmay_fountain_box
D:7:      layout_basic, serial_shops, nicolae_shop_drivethru, enter_bailey_5
Temple:   jpeg_temple_clearing

Skill      XL: |  1  2  3  4  5  6  7  8 |
---------------+-------------------------+-----
Axes           | 2 3 4 5 7 |  7.2
Spellcasting   | 1 |  1.1
Fighting       | 5 6 7 9 |  9.0
Armour         | |  3.2
Shields        | |  3.2

Action                     |  1- 3 |  4- 6 |  7- 9 || total
---------------------------+-------+-------+-------++-------
  Melee: War axe           |    78 |   189 |   183 ||   450
 Invoke: Heroism           |       |       |     1 ||     1
    Use: Scroll            |     1 |     2 |     8 ||    11
         Potion            |     1 |     1 |     4 ||     6
   Stab: Invisible         |       |     1 |       ||     1
 Armour: Plate armour      |    82 |   260 |   225 ||   567
  Dodge: Dodged            |    23 |    84 |    66 ||   173
  Block: Buckler           |    18 |    67 |    39 ||   124

Table legend: (Time is in decaauts)
 A = Elapsed time spent in this place.
 B = Non-inter-level travel time spent in this place.
 C = Inter-level travel time spent in this place.
 D = Time resting spent in this place.
 E = Time spent auto-exploring this place.
 F = Levels seen in this place.
 G = Mean time per level.
                   A        B        C        D        E       F      G
               +--------+--------+--------+--------+--------+-----+--------+
         Total |   4446 |   4330 |    116 |    662 |   2447 |   8 |  555.8 |
       Dungeon |   4398 |   4282 |    116 |    662 |   2447 |   7 |  628.3 |
        Temple |     47 |     47 |      0 |      0 |      0 |   1 |   47.0 |
               +--------+--------+--------+--------+--------+-----+--------+

Top non-repeatable levels by time:
     D:4: 1517 daAuts
     D:1: 685 daAuts
     D:5: 674 daAuts
     D:6: 585 daAuts
     D:2: 464 daAuts
     D:3: 413 daAuts
     D:7: 58 daAuts
  Temple: 47 daAuts
